| TOP OF THE 1ST |
|
Charleston RiverDogs batting - Pitching for Kannapolis Intimidators : RHP Doug Frampton
|
|
Pitching: RHP Doug Frampton
|
|
|
Batting: LHB Marc Durgin
|
0-0: Ball 1-0: Ball 2-0: Ball 3-0: Called Strike 3-1: Foul Ball, location: 2F 3-2: Strikes out looking
|
|
Batting: RHB Bryan Westray
|
0-0: Called Strike 0-1: Swinging Strike 0-2: Ball 1-2: Ball 2-2: Ground out 6-3 (Groundball, 6, EV 88.8 MPH)
|
|
Batting: LHB Sean Trueblood
|
0-0: Called Strike 0-1: Ball 1-1: Ball 2-1: Swinging Strike 2-2: Fly out, F8 (Flyball, 78M, EV 88.1 MPH)
|
| Top of the 1st over - 0 runs, 0 hits, 0 errors, 0 left on base; Charleston 0 - Kannapolis 0 |
| BOTTOM OF THE 1ST |
|
Kannapolis Intimidators batting - Pitching for Charleston RiverDogs : RHP Jarred Sharp
|
|
Pitching: RHP Jarred Sharp
|
|
|
Batting: LHB Robert Rauda
|
0-0: Ground out 6-3 (Groundball, 4M, EV 85.6 MPH)
|
|
Batting: RHB Mark Jones
|
0-0: Ball 1-0: Foul Ball, location: 2F 1-1: Ball 2-1: Foul Ball, location: 2F 2-2: Strikes out looking
|
|
Batting: SHB Ruben Velasco Jr.
|
0-0: Ball 1-0: Ball 2-0: Swinging Strike 2-1: Ball 3-1: Base on Balls
|
|
Batting: RHB Vic Lucatero
|
0-0: Ball 1-0: Called Strike 1-1: SINGLE (Groundball, 6MD, EV 101.2 MPH) Ruben Velasco Jr. to second
|
|
Batting: SHB Matt Childers
|
0-0: Ball 1-0: Ball 2-0: Ball 3-0: Base on Balls Ruben Velasco Jr. to third Vic Lucatero to second
|
|
Batting: RHB Benny O'Connor
|
0-0: Foul Ball, location: 2F 0-1: SINGLE (Flyball, 9LS, EV 86.9 MPH) Ruben Velasco Jr. scores Vic Lucatero to third Matt Childers to second Runner from 3rd tries for Home, SAFE, throw by RF to home
|
|
Batting: SHB Ivan Barry
|
0-0: SINGLE (Line Drive, 4M, EV 99.4 MPH) Matt Childers to third Benny O'Connor to second
|
|
Batting: RHB Peter Wheeler
|
0-0: Ball 1-0: Ball 2-0: Foul Ball, location: 2F 2-1: Swinging Strike 2-2: Ball 3-2: Strikes out swinging
|
| Bottom of the 1st over - 2 runs, 3 hits, 0 errors, 3 left on base; Charleston 0 - Kannapolis 2 |
| TOP OF THE 2ND |
|
Charleston RiverDogs batting - Pitching for Kannapolis Intimidators : RHP Doug Frampton
|
|
Batting: RHB Iften Olujimi
|
0-0: Ball 1-0: Foul Ball, location: 2F 1-1: Called Strike 1-2: Fly out, F4 (Flyball, 34D, EV 87.5 MPH)
|
|
Batting: LHB Justin O'Neal
|
0-0: Ground out 6-3 (Groundball, 6, EV 103.1 MPH)
|
|
Batting: RHB Alfredo Rodriguez
|
0-0: Ball 1-0: Swinging Strike 1-1: Ground out 6-3 (Groundball, P, EV 86.2 MPH)
|
| Top of the 2nd over - 0 runs, 0 hits, 0 errors, 0 left on base; Charleston 0 - Kannapolis 2 |
| BOTTOM OF THE 2ND |
|
Kannapolis Intimidators batting - Pitching for Charleston RiverDogs : RHP Jarred Sharp
|
|
Batting: RHB Egidius Kruger
|
0-0: Ball 1-0: Ground out 6-3 (Groundball, 6, EV 78.8 MPH)
|
|
Batting: LHB Robert Rauda
|
0-0: Called Strike 0-1: Ball 1-1: Ball 2-1: Fly out, F1 (Line Drive, P, EV 68.1 MPH)
|
|
Batting: RHB Mark Jones
|
0-0: Foul Ball, location: 2F 0-1: Swinging Strike 0-2: Ball 1-2: Ground out 1-3 (Groundball, 34S, EV 68.8 MPH)
|
| Bottom of the 2nd over - 0 runs, 0 hits, 0 errors, 0 left on base; Charleston 0 - Kannapolis 2 |
| TOP OF THE 3RD |
|
Charleston RiverDogs batting - Pitching for Kannapolis Intimidators : RHP Doug Frampton
|
|
Batting: LHB Dale Anderson
|
0-0: Ball 1-0: Ball 2-0: Called Strike 2-1: Called Strike 2-2: Foul Ball, location: 2F 2-2: Ball 3-2: Strikes out looking
|
|
Batting: RHB Bill Nguyen-Tan
|
0-0: Called Strike 0-1: Foul Ball, location: 2F 0-2: Strikes out swinging
|
|
Batting: SHB Houston Phillips
|
0-0: Ball 1-0: Foul Ball, location: 2F 1-1: Ground out 5-3 (Groundball, 5D, EV 86.2 MPH)
|
| Top of the 3rd over - 0 runs, 0 hits, 0 errors, 0 left on base; Charleston 0 - Kannapolis 2 |
| BOTTOM OF THE 3RD |
|
Kannapolis Intimidators batting - Pitching for Charleston RiverDogs : RHP Jarred Sharp
|
|
Batting: SHB Ruben Velasco Jr.
|
0-0: Foul Ball, location: 2F 0-1: Called Strike 0-2: Strikes out looking
|
|
Batting: RHB Vic Lucatero
|
0-0: Ball 1-0: Called Strike 1-1: Ball 2-1: Foul Ball, location: 2F 2-2: Strikes out swinging
|
|
Batting: SHB Matt Childers
|
0-0: Ball 1-0: Called Strike 1-1: Ball 2-1: Foul Ball, location: 2F 2-2: Fly out, F9 (Flyball, 9, EV 90.0 MPH)
|
| Bottom of the 3rd over - 0 runs, 0 hits, 0 errors, 0 left on base; Charleston 0 - Kannapolis 2 |
| TOP OF THE 4TH |
|
Charleston RiverDogs batting - Pitching for Kannapolis Intimidators : RHP Doug Frampton
|
|
Batting: LHB Marc Durgin
|
0-0: Called Strike 0-1: Called Strike 0-2: Ground out 6-3 (Groundball, 6, EV 83.8 MPH)
|
|
Batting: RHB Bryan Westray
|
0-0: Ball 1-0: Called Strike 1-1: Ball 2-1: SINGLE (Line Drive, 7S, EV 110.6 MPH)
|
|
Batting: LHB Sean Trueblood
|
0-0: Called Strike Bryan Westray steals 2nd base 0-1: Ball 1-1: Ball 2-1: Ball 3-1: Base on Balls
|
|
Batting: RHB Iften Olujimi
|
0-0: Called Strike 0-1: Ball 1-1: Fly out, F8 (Line Drive, 8RM, EV 92.5 MPH)
|
|
Batting: LHB Justin O'Neal
|
0-0: Called Strike 0-1: Called Strike 0-2: Ball 1-2: Ball 2-2: SINGLE (Line Drive, 7LM, EV 105.0 MPH) Bryan Westray to third Sean Trueblood to second Runner from 3rd tries for Home, SAFE, throw by LF to home
|
|
Batting: RHB Alfredo Rodriguez
|
0-0: Ball 1-0: Ball 2-0: Ball 3-0: Base on Balls Sean Trueblood to third Justin O'Neal to second
|
|
Batting: LHB Dale Anderson
|
0-0: Ball 1-0: Called Strike 1-1: Ball 2-1: Foul Ball, location: 2F 2-2: SINGLE (Groundball, 4MD, EV 95.6 MPH) Sean Trueblood scores Justin O'Neal to third Alfredo Rodriguez to second
|
|
Batting: RHB Bill Nguyen-Tan
|
0-0: Foul Ball, location: 2F 0-1: Called Strike 0-2: Fly out, F8 (Flyball, 8LD, EV 88.1 MPH)
|
| Top of the 4th over - 2 runs, 3 hits, 0 errors, 3 left on base; Charleston 2 - Kannapolis 2 |
| BOTTOM OF THE 4TH |
|
Kannapolis Intimidators batting - Pitching for Charleston RiverDogs : RHP Jarred Sharp
|
|
Batting: RHB Benny O'Connor
|
0-0: Swinging Strike 0-1: Ball 1-1: Ball 2-1: Ball 3-1: Swinging Strike 3-2: Base on Balls
|
|
Batting: SHB Ivan Barry
|
0-0: Swinging Strike Benny O'Connor is caught stealing 2nd base 2-6 0-1: Called Strike 0-2: Hit by Pitch
|
|
Batting: RHB Peter Wheeler
|
0-0: Ball 1-0: Foul Ball, location: 2F 1-1: Called Strike 1-2: Strikes out swinging
|
|
Batting: RHB Egidius Kruger
|
0-0: Ball 1-0: Fielders Choice at 2nd, 6-4 (Groundball, 6, EV 80.6 MPH)
|
| Bottom of the 4th over - 0 runs, 0 hits, 0 errors, 1 left on base; Charleston 2 - Kannapolis 2 |
| TOP OF THE 5TH |
|
Charleston RiverDogs batting - Pitching for Kannapolis Intimidators : RHP Doug Frampton
|
|
Batting: SHB Houston Phillips
|
0-0: Ball 1-0: Called Strike 1-1: Ball 2-1: Ball 3-1: Base on Balls
|
|
Batting: LHB Marc Durgin
|
0-0: Ball 1-0: Ball 2-0: Ball 3-0: Called Strike 3-1: Foul Ball, location: 2F 3-2: Fielders Choice at 2nd, 4-6 (Groundball, 4, EV 85.0 MPH)
|
|
Batting: RHB Bryan Westray
|
0-0: Called Strike 0-1: Grounds into double play, 6-4-3 (Groundball, 6, EV 99.4 MPH)
|
| Top of the 5th over - 0 runs, 0 hits, 0 errors, 0 left on base; Charleston 2 - Kannapolis 2 |
| BOTTOM OF THE 5TH |
|
Kannapolis Intimidators batting - Pitching for Charleston RiverDogs : RHP Jarred Sharp
|
|
Batting: LHB Robert Rauda
|
0-0: Called Strike 0-1: Ball 1-1: Ball 2-1: Ball 3-1: Foul Ball, location: 2F 3-2: Base on Balls
|
|
Batting: RHB Mark Jones
|
0-0: Ball 1-0: Ball 2-0: SINGLE (Groundball, 6MD, EV 98.8 MPH) Robert Rauda to second Runner from 2nd tries for 3rd, OUT! 8-5
|
|
Batting: SHB Ruben Velasco Jr.
|
0-0: Ball 1-0: Ball 2-0: Called Strike 2-1: Foul Ball, location: 2F 2-2: Ball 3-2: Base on Balls Mark Jones to second
|
|
Batting: RHB Vic Lucatero
|
0-0: Called Strike 0-1: Called Strike 0-2: Ball 1-2: Foul Ball, location: 2F 1-2: Ball 2-2: Fielders Choice at 2nd, 4-6 (Groundball, 4, EV 104.4 MPH) Mark Jones to third
|
|
Batting: SHB Matt Childers
|
0-0: Foul Ball, location: 2F 0-1: SINGLE (Groundball, 34D, EV 99.4 MPH) Mark Jones scores Vic Lucatero to second Runner from 2nd tries for 3rd, SAFE, throw by RF made to third
|
|
Pitching: LHP Alex Pulido
|
|
|
Batting: RHB Benny O'Connor
|
0-0: Ball 1-0: SINGLE (Groundball, 4MD, EV 104.4 MPH) Vic Lucatero scores Matt Childers to second
|
|
Batting: SHB Ivan Barry
|
0-0: Ball 1-0: Swinging Strike 1-1: Ball 2-1: Foul Ball, location: 2F 2-2: Ground out 5-3 (Groundball, 56S, EV 88.1 MPH)
|
| Bottom of the 5th over - 2 runs, 3 hits, 0 errors, 2 left on base; Charleston 2 - Kannapolis 4 |
| TOP OF THE 6TH |
|
Charleston RiverDogs batting - Pitching for Kannapolis Intimidators : RHP Doug Frampton
|
|
Batting: LHB Sean Trueblood
|
0-0: Called Strike 0-1: Foul Ball, location: 2F 0-2: Strikes out swinging
|
|
Batting: RHB Iften Olujimi
|
0-0: Ball 1-0: Called Strike 1-1: DOUBLE (Flyball, 8RXD, EV 108.8 MPH)
|
|
Batting: LHB Justin O'Neal
|
0-0: Ball 1-0: SINGLE (Groundball, 34D, EV 96.9 MPH) Iften Olujimi to third
|
|
Batting: RHB Alfredo Rodriguez
|
0-0: Ball Justin O'Neal is caught stealing 2nd base 2-4 1-0: Swinging Strike 1-1: Foul Ball, location: 2F 1-2: Strikes out swinging
|
| Top of the 6th over - 0 runs, 2 hits, 0 errors, 1 left on base; Charleston 2 - Kannapolis 4 |
| BOTTOM OF THE 6TH |
|
Kannapolis Intimidators batting - Pitching for Charleston RiverDogs : LHP Alex Pulido
|
|
Batting: RHB Peter Wheeler
|
0-0: Ball 1-0: Ball 2-0: Ground out 6-3 (Groundball, 6MS, EV 81.9 MPH)
|
|
Batting: RHB Egidius Kruger
|
0-0: Called Strike 0-1: Ball 1-1: Ball 2-1: Ground out 6-3 (Groundball, 6MS, EV 85.0 MPH)
|
|
Batting: LHB Robert Rauda
|
0-0: Ground out 5-3 (Groundball, 56S, EV 86.9 MPH)
|
| Bottom of the 6th over - 0 runs, 0 hits, 0 errors, 0 left on base; Charleston 2 - Kannapolis 4 |
| TOP OF THE 7TH |
|
Charleston RiverDogs batting - Pitching for Kannapolis Intimidators : RHP Doug Frampton
|
|
Batting: LHB Dale Anderson
|
0-0: Ball 1-0: Called Strike 1-1: SINGLE (Flyball, 8LS, EV 95.6 MPH)
|
|
Pitching: RHP Toby Riley
|
|
|
Batting: RHB Bill Nguyen-Tan
|
0-0: Foul Ball, location: 2F 0-1: Ball 1-1: Ball 2-1: Foul Ball, location: 2F 2-2: Grounds into double play, 4-6-3 (Groundball, 4M, EV 90.0 MPH)
|
|
Batting: SHB Houston Phillips
|
0-0: Ball 1-0: Swinging Strike 1-1: Called Strike 1-2: Ground out 6-3 (Groundball, 6M, EV 82.5 MPH)
|
| Top of the 7th over - 0 runs, 1 hit, 0 errors, 0 left on base; Charleston 2 - Kannapolis 4 |
| BOTTOM OF THE 7TH |
|
Kannapolis Intimidators batting - Pitching for Charleston RiverDogs : LHP Alex Pulido
|
|
Batting: RHB Mark Jones
|
0-0: Ball 1-0: Foul Ball, location: 2F 1-1: Ball 2-1: SINGLE (Line Drive, 8LS, EV 101.9 MPH)
|
|
Batting: SHB Ruben Velasco Jr.
|
0-0: Called Strike 0-1: Foul Ball, location: 2F 0-2: Ball 1-2: Ball 2-2: Foul Ball, location: 2F 2-2: DOUBLE (Line Drive, 78XD, EV 101.2 MPH) Mark Jones to third
|
|
Batting: RHB Vic Lucatero
|
0-0: Intentional Walk
|
|
Batting: SHB Matt Childers
|
0-0: Ball 1-0: SINGLE (Groundball, 6, EV 104.4 MPH) Mark Jones scores Ruben Velasco Jr. to third Vic Lucatero to second Runner from 3rd tries for Home, SAFE, throw by LF to home
|
|
Batting: RHB Benny O'Connor
|
0-0: Ball 1-0: Ball 2-0: Ball 3-0: Called Strike 3-1: Foul Ball, location: 2F 3-2: Base on Balls Vic Lucatero to third Matt Childers to second
|
|
Pitching: RHP Pat Stone
|
|
|
Batting: SHB Ivan Barry
|
0-0: DOUBLE (Line Drive, 7LM, EV 108.8 MPH) Vic Lucatero scores Matt Childers scores Benny O'Connor to third
|
|
Batting: RHB Peter Wheeler
|
0-0: Ball 1-0: Ball 2-0: Called Strike 2-1: Foul Ball, location: 2F 2-2: Foul Ball, location: 2F 2-2: Foul Ball, location: 2F 2-2: Strikes out looking
|
|
Batting: RHB Egidius Kruger
|
0-0: SINGLE (Groundball, 6MS, EV 66.2 MPH) (infield hit) Benny O'Connor scores Ivan Barry to third
|
|
Batting: LHB Robert Rauda
|
0-0: SINGLE (Line Drive, 8LS, EV 98.8 MPH) Ivan Barry scores Egidius Kruger to second
|
|
Batting: RHB Mark Jones
|
0-0: Called Strike 0-1: Reached on error, E1 (Groundball, 13S, EV 74.4 MPH) Egidius Kruger to third Robert Rauda to second
|
|
Batting: SHB Ruben Velasco Jr.
|
0-0: Called Strike 0-1: Called Strike 0-2: Foul Ball, location: 2F 0-2: Ball 1-2: Foul Ball, location: 2F 1-2: Ball 2-2: Ball 3-2: Foul Ball, location: 2F 3-2: Fly out, F7 (Flyball, 7D, EV 83.8 MPH)
|
|
Batting: RHB Vic Lucatero
|
0-0: DOUBLE (Line Drive, 9LD, EV 104.4 MPH) Egidius Kruger scores Robert Rauda scores Mark Jones to third Runner from 3rd tries for Home, throw by RF and OUT! 9-4-2
|
| Bottom of the 7th over - 8 runs, 7 hits, 1 error, 1 left on base; Charleston 2 - Kannapolis 12 |
| TOP OF THE 8TH |
|
Charleston RiverDogs batting - Pitching for Kannapolis Intimidators : RHP Toby Riley
|
|
Batting: LHB Marc Durgin
|
0-0: Ball 1-0: Ball 2-0: Called Strike 2-1: Ball 3-1: Ground out U3 (Groundball, 34S, EV 90.6 MPH)
|
|
Pinch Hitting: RHB Graham Murphy
|
0-0: Called Strike 0-1: Swinging Strike 0-2: Strikes out swinging
|
|
Batting: LHB Sean Trueblood
|
0-0: Called Strike 0-1: Ball 1-1: Called Strike 1-2: Hit by Pitch
|
|
Pinch Hitting: RHB Bobby White
|
0-0: Swinging Strike 0-1: Foul Ball, location: 2F 0-2: Ball 1-2: Ball 2-2: Ball 3-2: Foul Ball, location: 2F 3-2: Strikes out swinging
|
| Top of the 8th over - 0 runs, 0 hits, 0 errors, 1 left on base; Charleston 2 - Kannapolis 12 |
| BOTTOM OF THE 8TH |
|
Kannapolis Intimidators batting - Pitching for Charleston RiverDogs : RHP Pat Stone
|
|
Now at 1B: Bobby White
|
|
|
Now in LF: Graham Murphy
|
|
|
Batting: SHB Matt Childers
|
0-0: Called Strike 0-1: Called Strike 0-2: Fly out, F2 (Popup, 2LF, EV 88.8 MPH)
|
|
Pinch Hitting: RHB Nick Richardson
|
0-0: Ball 1-0: Swinging Strike 1-1: Ground out 1-3 (Groundball, 34S, EV 64.4 MPH)
|
|
Batting: SHB Ivan Barry
|
0-0: Swinging Strike 0-1: Ball 1-1: Foul Ball, location: 2F 1-2: Strikes out swinging
|
| Bottom of the 8th over - 0 runs, 0 hits, 0 errors, 0 left on base; Charleston 2 - Kannapolis 12 |
| TOP OF THE 9TH |
|
Charleston RiverDogs batting - Pitching for Kannapolis Intimidators : RHP Toby Riley
|
|
Pitching: RHP Ricardo Bautista
|
|
|
Now at 1B: Nick Richardson
|
|
|
Batting: LHB Justin O'Neal
|
0-0: Called Strike 0-1: Ball 1-1: Ball 2-1: Swinging Strike 2-2: Ball 3-2: Foul Ball, location: 2F 3-2: Fly out, F5 (Popup, 25, EV 85.0 MPH)
|
|
Pinch Hitting: RHB Matt Alderson
|
0-0: Foul Ball, location: 2F 0-1: Ball 1-1: SINGLE (Groundball, 6MD, EV 97.5 MPH)
|
|
Batting: LHB Dale Anderson
|
0-0: Ball 1-0: Foul Ball, location: 2F 1-1: Ball 2-1: Fly out, F8 (Flyball, 8LD, EV 95.6 MPH)
|
|
Batting: RHB Bill Nguyen-Tan
|
0-0: Called Strike 0-1: Ball 1-1: Swinging Strike 1-2: Foul Ball, location: 2F 1-2: Foul Ball, location: 2F 1-2: Strikes out swinging
|
| Top of the 9th over - 0 runs, 1 hit, 0 errors, 1 left on base; Charleston 2 - Kannapolis 12 |
|